 Dungeon Sprint DCSS version 0.29.1-1-gd02db6906a (webtiles) character file.

Game seed: 16680081604045392457

36285 Groucho the Tortoise (level 13, -27/99 HPs)
             Began as a Gargoyle Fighter on Oct 3, 2022.
             Was a High Priest of Qazlal.
             Killed from afar by an iron dragon (39 damage)
             ... with a spray of metal splinters
             ... in the Dungeon (Sprint V: "Ziggurat Sprint").
             The game lasted 00:12:55 (3003 turns).

Groucho the Tortoise (Gargoyle Fighter)             Turns: 3003, Time: 00:12:56

Health: -27/99     AC: 39    Str: 27    XL:     13   Next: 89%
Magic:  9/26       EV:  4    Int: 11    God:    Qazlal [*****.]
Gold:   0          SH: 44    Dex: 14    Spells: 12/12 levels left

rFire   + . .      SeeInvis .   C - +6 shillelagh "Devastator" {shatter}
rCold   + . .      Faith    .   B - +18 shield of the Gong {rElec rN+ Will+ EV-5}
rNeg    + + +      Spirit   .   a - +5 gold dragon scales
rPois   ∞          Reflect  +   (no helmet)
rElec   +          Harm     .   (no cloak)
rCorr   .          Rampage  .   (no gloves)
Will    +....      NoTele   +   (no boots)
Stlth   ..........              F - amulet of reflection
HPRegen 0.26/turn               G - ring "Juguarum" {rElec rN++ Str+6 Dex-3 Slay+2}
MPRegen 0.20/turn               u - +6 ring of dexterity

@: protected from physical damage, repel missiles
A: sickness immunity, AC +9, negative energy resistance 1, electricity
resistance, torment resistance 1, petrification resistance
a: Renounce Religion, Upheaval, Elemental Force, Disaster Area


You were in the Dungeon.
You worshipped Qazlal.
Qazlal was extremely pleased with you.
You visited 1 branch

Inventory:

Hand Weapons
 C - the +6 shillelagh "Devastator" (weapon) {shatter}
   (You found it in the Dungeon)

   It releases a powerful concussive burst when it strikes, dealing extra damage
   to the target and all other foes adjacent to them.
Missiles
 I - 5 javelins (quivered)
 J - 6 boomerangs
Armour
 a - +5 gold dragon scales (worn)
 A - the +15 Maxwell's patent armour {-Cast -Tele rElec Will+ rCorr}
   (You found it in the Dungeon)

   rElec:     It insulates you from electricity.
   -Cast:     It prevents spellcasting.
   -Tele:     It prevents most forms of teleportation.
   rCorr:     It protects you from acid and corrosion.
   Will:      It increases your willpower.
 B - the +18 shield of the Gong (worn) {rElec rN+ Will+ EV-5}
   (You found it in the Dungeon)

   It is deafeningly noisy when blocking attacks.
   EV:        It affects your evasion (-5).
   rElec:     It insulates you from electricity.
   rN:        It protects you from negative energy.
   Will:      It increases your willpower.
Jewellery
 t - a ring of flight
 u - a +6 ring of dexterity (right hand)
 v - a +6 ring of dexterity
 w - a +6 ring of intelligence
 x - a +6 ring of intelligence
 y - a +6 ring of strength
 z - a +6 ring of strength
 E - the ring "Liraxzun" {rC++ Will+ MP+9 Str-3}
   (You found it in the Dungeon)

   [ring of magical power]

   Str:       It affects your strength (-3).
   rC:        It greatly protects you from cold.
   MP:        It affects your magic capacity (+9).
   Will:      It increases your willpower.
 F - an amulet of reflection (around neck)
 G - the ring "Juguarum" (left hand) {rElec rN++ Str+6 Dex-3 Slay+2}
   (You found it in the Dungeon)

   [ring of strength]

   Str:       It affects your strength (+6).
   Dex:       It affects your dexterity (-3).
   Slay:      It affects your accuracy & damage with ranged weapons and melee
   (+2).
   rElec:     It insulates you from electricity.
   rN:        It greatly protects you from negative energy.
 H - the ring of Temptation {rC- rN++ rCorr Str+6 Int+3}
   (You found it in the Dungeon)

   [ring of strength]

   Str:       It affects your strength (+6).
   Int:       It affects your intelligence (+3).
   rC:        It makes you vulnerable to cold.
   rN:        It greatly protects you from negative energy.
   rCorr:     It protects you from acid and corrosion.
 K - a ring of resist corrosion
Wands
 q - a wand of mindburst (7)
 r - a wand of iceblast (7)
 s - a wand of light (7)
Scrolls
 j - 2 scrolls of blinking
 m - 4 scrolls of amnesia
 n - 7 scrolls of fog
 o - 5 scrolls of identify
 p - 2 scrolls of fear
 D - 2 scrolls of brand weapon
Potions
 b - 2 potions of brilliance
 c - 2 potions of invisibility
 d - 6 potions of might
 e - 9 potions of curing
 g - 6 potions of haste
 h - 4 potions of magic
 i - 3 potions of berserk rage
 k - 4 potions of resistance
 l - a potion of experience


   Skills:
 + Level 18.5 Fighting
 - Level 14.2 Maces & Flails
 + Level 18.5 Armour
 + Level 8.1 Dodging
 + Level 18.5 Shields
 + Level 18.2 Invocations


You had 12 spell levels left.
You didn't know any spells.
Your spell library contained the following spells:

 Spells                   Type           Power      Damage    Failure   Level
 Apportation              Tloc           0%         N/A       100%        1
 Necrotise                Necr           0%         1d4       100%        1
 Slow                     Hex            0%         N/A       100%        1
 Sting                    Tmut/Pois      0%         1d3       100%        1
 Summon Small Mammal      Summ           0%         N/A       100%        1
 Blink                    Tloc           0%         N/A       100%        2
 Poisonous Vapours        Pois/Air       0%         N/A       100%        2
 Static Discharge         Conj/Air       0%         3-3/arc   100%        2
 Confusing Touch          Hex            0%         N/A       100%        3
 Dazzling Flash           Conj/Hex       0%         N/A       100%        3
 Ignite Poison            Fire/Tmut/Pois 0%         N/A       100%        3
 Lesser Beckoning         Tloc           0%         N/A       100%        3
 Mephitic Cloud           Conj/Pois/Air  0%         N/A       100%        3
 Vampiric Draining        Necr           0%         2d6       100%        3
 Airstrike                Air            0%         2d(0-16)  100%        4
 Animate Dead             Necr           0%         N/A       100%        4
 Olgreb's Toxic Radiance  Pois           0%         N/A       100%        4
 Summon Ice Beast         Ice/Summ       0%         N/A       100%        4
 Summon Lightning Spire   Summ/Air       0%         N/A       100%        4
 Agony                    Necr           0%         N/A       100%        5
 Freezing Cloud           Conj/Ice/Air   0%         6-21      100%        5
 Lightning Bolt           Conj/Air       0%         1d11      100%        5
 Manifold Assault         Tloc           0%         N/A       100%        5
 Silence                  Hex/Air        0%         N/A       100%        5
 Haunt                    Necr/Summ      0%         N/A       100%        7
 Spellforged Servitor     Conj/Summ      0%         N/A       100%        7
 Summon Hydra             Summ           0%         N/A       100%        7
 Infestation              Necr           0%         N/A       100%        8


Dungeon Overview and Level Annotations

Branches:
Dungeon (1/1)

Altars:
Ashenzari
Cheibriados
Dithmenos
Elyvilon
Fedhas
Gozag
Hepliaklqana
Kikubaaqudgha
Makhleb
Nemelex Xobeh
Okawaru
Qazlal
Ru
Sif Muna
Trog
Uskayaw
Vehumet
Wu Jian
Xom
Yredelemnul
Zin
The Shining One
Jiyva
Lugonu


Innate Abilities, Weirdness & Mutations

You are immune to sickness and miasma.
Your stone body is resilient. (AC +9)
You are immune to poison.
You resist negative energy. (rN+)
You are resistant to electric shocks. (rElec)
You are resistant to unholy torment.
You are immune to petrification.


Message History

BOUMMMMG!
The ancient champion is struck by lightning.
You block the ancient champion's attack.
GONNNNG!
You block the iron dragon's attack.
GONNNNG!
The iron dragon claws you.
* * * LOW HITPOINT WARNING * * *
You feel protected from physical attacks.
The iron dragon tramples you but does no damage.
Unknown command.
Okay, then.
You hit the ancient champion but do no damage.
The ancient champion is lightly damaged.
The war gargoyle hits you with a +2 vorpal morningstar!
* * * LOW HITPOINT WARNING * * *
x2 You block the ancient champion's attack.
BONNNG!
You block the war gargoyle's attack.
BONNNG!
Unknown command.
Unknown command.
Unknown command.
You hit the ancient champion.
The ancient champion, the war gargoyles and the iron dragon shudder.
The ancient champion is moderately damaged.
The war gargoyle is severely damaged.
The war gargoyle is lightly damaged.
The ancient champion is moderately damaged.
You block the war gargoyle's attack.
GONNNNG!
The ancient champion is struck by lightning.
You block the ancient champion's attack.
BOUMMMMG!
You block the war gargoyle's attack.
GONNNNG!
The iron dragon breathes metal splinters at you.
The spray of metal splinters hits you!!!
You feel more protected from physical attacks.
You die...

▓.8©8.▓.8©
▓..:}})||}..▓▓.)}).▓.[)
▓≈.)[}}||=..▓▓..)..▓...
▓≈....≈≈....▓▓.....▓...
▓≈..........▓▓.....▓...
▓...).......▓▓..††.▓.))
....)°.○... ▓..©..▓..©
▓.9zD☼▓ ▓▓▓▓▓▓▓▓▓▓▓
▓▓)@9▓▓ ▓..8©8...▓.
▓..▓.....▓..▓..}.)...▓.
▓.....○.....▓........▓.
▓▓▓▓▓▓▓▓▓▓▓▓▓........▓.
▓....8©8....▓........▓.
▓..)))[)"...▓........▓.
▓.....[[[...▓...©....▓.
▓...)...|...▓▓▓▓▓▓▓▓▓▓▓
▓...........▓...8©8...▓


You could see an iron dragon (catching breath), an ancient champion (fast) and 2
war gargoyles.

Vanquished Creatures
  2 quicksilver dragons (D)
  4 ancient champions (D)
  A quicksilver elemental (D)
  3 iron dragons (D)
  A war gargoyle (D)
  3 iron golems (D)
  3 crystal guardians (D)
  2 merfolk javelineers (D)
  A merfolk impaler (D)
  A deep elf high priest (D)
  A hydra (D)
  A spriggan air mage (D)
  An anaconda (D)
  A naga warrior (D)
  2 dancing weapons (D)
  2 merfolk aquamancers (D)
  A spriggan berserker (D)
  An orc high priest (D)
  5 deep elf pyromancers (D)
  2 deep elf zephyrmancers (D)
  An orc sorcerer (D)
  2 wolf spiders (D)
  A manticore (D)
  2 black mambas (D)
  4 guardian serpents (D)
  2 water nymphs (D)
  2 cane toads (D)
  A hellion (D)
  2 tormentors (D)
  4 merfolk (D)
  2 wind drakes (D)
  3 tarantellas (D)
  A blink frog (D)
  A slime creature (D)
  A water elemental (D)
  A wyvern (D)
  2 golden eyes (D)
  A fire elemental (D)
  A basilisk (D)
  A yak (D)
  3 nagas (D)
  2 hell hounds (D)
  5 water moccasins (D)
  3 centaurs (D)
  A phantom (D)
  4 earth elementals (D)
  A necrophage (D)
  5 scorpions (D)
  A jelly (D)
  3 adders (D)
  A shadow imp (D)
  An ufetubus (D)
  2 adder skeletons (D)
  A ball python (D)
  3 bat skeletons (D)
  A ball python skeleton (D)
110 creatures vanquished.

Notes
Turn   | Place    | Note
-------+----------+-------------------------------------------
     0 | D        | Groucho the Gargoyle Fighter began the quest for the Orb.
     0 | D        | Reached XP level 1. HP: 14/14 MP: 1/1
    14 | D        | Banished a spatial maelstrom
    18 | D        | Found a shimmering blue altar of Sif Muna.
    18 | D        | Found a bloodstained altar of Trog.
    18 | D        | Found a sacrificial altar of Ru.
    18 | D        | Found a stormy altar of Qazlal.
    18 | D        | Found an iron altar of Okawaru.
    19 | D        | Found a sparkling altar of Nemelex Xobeh.
    19 | D        | Found a blossoming altar of Fedhas.
    19 | D        | Found the +6 Majin-Bo {vamp, MP+6 Int+6}
    19 | D        | Found the +9 heavy crossbow "Sniper" {vorpal, Acc+∞ SInv}
    19 | D        | Found the +10 dark maul {vorpal}
    19 | D        | Found the +15 Maxwell's patent armour {-Cast -Tele rElec
                  | Will+ rCorr}
    19 | D        | Found the +18 shield of the Gong {rElec rN+ Will+ EV-5}
    19 | D        | Found the +14 obsidian axe {vorpal, Mesm Drain Fly SInv}
    19 | D        | Found the +7 great mace "Firestarter" {inner flame, rF++}
    19 | D        | Found the +6 shillelagh "Devastator" {shatter}
    19 | D        | Found the +11 plutonium sword {Contam Stlth-}
    19 | D        | Found the +8 lance "Wyrmbane" {slay drac, rPois rF+ rC+
                  | AC+3}
    19 | D        | Found the +9 sword of Zonguldrok {reap}
    19 | D        | Found the +13 scythe of Curses {drain, Drain}
    19 | D        | Found the +5 sword of Power {vorpal}
    19 | D        | Found the +7 mace of Variability {chain chaos}
    19 | D        | Found the +7 Singing Sword {vorpal, sonic wave}
    19 | D        | Found the +8 storm bow {elec, penet}
    21 | D        | Found a transporter.
    21 | D        | Found an ancient bone altar of Kikubaaqudgha.
    21 | D        | Found a viscous altar of Jiyva.
    21 | D        | Found a corrupted altar of Lugonu.
    21 | D        | Found a hazy altar of Hepliaklqana.
    21 | D        | Found a burning altar of Makhleb.
    21 | D        | Found an opulent altar of Gozag.
    65 | D        | Became a worshipper of Qazlal Stormbringer
    80 | D        | Entered arena 2.
    80 | D        | Noticed a deep elf zephyrmancer
    80 | D        | Noticed a deep elf zephyrmancer
    80 | D        | Found a transporter.
    87 | D        | Killed a deep elf zephyrmancer
    88 | D        | Reached XP level 2. HP: 13/25 MP: 1/6
    88 | D        | Reached XP level 3. HP: 15/29 MP: 1/7
    88 | D        | Reached XP level 4. HP: 18/35 MP: 1/9
    88 | D        | Reached XP level 5. HP: 20/39 MP: 1/10
    88 | D        | Reached XP level 6. HP: 23/44 MP: 1/11
    90 | D        | Killed a deep elf zephyrmancer
    91 | D        | Reached XP level 7. HP: 27/50 MP: 1/13
   684 | D        | Entered arena 3.
   684 | D        | Noticed a +2 dire flail of draining
   684 | D        | Noticed a deep elf pyromancer
   684 | D        | Noticed a deep elf pyromancer
   684 | D        | Found a transporter.
   689 | D        | Killed a deep elf pyromancer
   689 | D        | Reached * piety under Qazlal
   690 | D        | Reached XP level 8. HP: 51/56 MP: 14/14
   698 | D        | Killed a deep elf pyromancer
   699 | D        | Reached skill level 10 in Fighting
   699 | D        | Reached skill level 10 in Armour
   699 | D        | Reached skill level 10 in Shields
   711 | D        | Killed a +2 dire flail of draining
   712 | D        | Reached skill level 10 in Invocations
   712 | D        | Reached XP level 9. HP: 33/63 MP: 16/16
   963 | D        | Entered arena 4.
   963 | D        | Found a transporter.
   966 | D        | Reached ** piety under Qazlal
   978 | D        | Entered arena 5.
   978 | D        | Found a transporter.
   981 | D        | Reached *** piety under Qazlal
   983 | D        | Reached skill level 10 in Maces & Flails
  1001 | D        | Entered arena 6.
  1001 | D        | Found a transporter.
  1003 | D        | Reached **** piety under Qazlal
  1007 | D        | Reached ***** piety under Qazlal
  1021 | D        | Entered arena 7.
  1021 | D        | Noticed a tarantella
  1021 | D        | Noticed a tarantella
  1021 | D        | Noticed a wolf spider
  1021 | D        | Noticed a wolf spider
  1021 | D        | Noticed a tarantella
  1027 | D        | Killed a tarantella
  1028 | D        | Reached XP level 10. HP: 49/71 MP: 18/18
  1028 | D        | Killed a wolf spider
  1032 | D        | Killed a wolf spider
  1033 | D        | Found a transporter.
  1046 | D        | Got the ring "Liraxzun" {rC++ Will+ MP+9 Str-3}
  1295 | D        | Entered arena 8.
  1296 | D        | Reached ****** piety under Qazlal
  1302 | D        | Found a transporter.
  1309 | D        | Got the amulet "Selequmn" {Acrobat rC- Str+5}
  1597 | D        | Entered arena 9.
  1603 | D        | Found a transporter.
  1638 | D        | Entered arena 10.
  1642 | D        | Found a transporter.
  1660 | D        | Got the ring "Juguarum" {rElec rN++ Str+6 Dex-3 Slay+2}
  1776 | D        | Entered arena 11.
  1776 | D        | Noticed an orc sorcerer
  1776 | D        | Noticed a +0 vorpal long sword
  1776 | D        | Noticed a deep elf high priest
  1776 | D        | Noticed a deep elf pyromancer
  1776 | D        | Noticed a deep elf pyromancer
  1776 | D        | Noticed a deep elf pyromancer
  1776 | D        | Noticed an orc high priest
  1777 | D        | Killed a +0 vorpal long sword
  1777 | D        | Killed a deep elf high priest
  1777 | D        | Killed an orc high priest
  1777 | D        | Killed a deep elf pyromancer
  1777 | D        | Killed an orc sorcerer
  1777 | D        | Killed a deep elf pyromancer
  1778 | D        | Reached XP level 11. HP: 80/80 MP: 11/21
  1780 | D        | Killed a deep elf pyromancer
  1781 | D        | Found a transporter.
  1973 | D        | Entered arena 12.
  1973 | D        | Noticed a six-headed hydra
  1973 | D        | Noticed a spriggan berserker
  1974 | D        | Noticed a spriggan air mage
  1975 | D        | Killed a six-headed hydra
  1976 | D        | Noticed a death yak
  1976 | D        | Killed a spriggan berserker
  1977 | D        | Killed a spriggan air mage
  1984 | D        | Found a transporter.
  2001 | D        | Got the amulet "Ynel" {Reflect Rampage rElec SH+5}
  2005 | D        | Got the Encyclopedia of Septic Orientation
  2191 | D        | Entered arena 13.
  2191 | D        | Noticed an anaconda
  2191 | D        | Noticed a naga warrior
  2193 | D        | Killed an anaconda
  2194 | D        | Reached skill level 15 in Fighting
  2194 | D        | Reached skill level 15 in Armour
  2194 | D        | Reached skill level 15 in Shields
  2194 | D        | Reached skill level 15 in Invocations
  2194 | D        | Reached XP level 12. HP: 88/88 MP: 13/23
  2195 | D        | Killed a naga warrior
  2196 | D        | Found a transporter.
  2204 | D        | Got the Codex of the Feathery Coward
  2206 | D        | Got Onubresu's Incunabulum of the Gathering
  2210 | D        | Got the ring of Temptation {rC- rN++ rCorr Str+6 Int+3}
  2456 | D        | Entered arena 14.
  2457 | D        | Noticed a merfolk javelineer
  2457 | D        | Noticed a merfolk javelineer
  2457 | D        | Noticed a merfolk aquamancer
  2457 | D        | Noticed a merfolk aquamancer
  2458 | D        | Noticed a merfolk impaler
  2459 | D        | Killed a merfolk aquamancer
  2459 | D        | Killed a merfolk javelineer
  2459 | D        | Killed a merfolk aquamancer
  2462 | D        | Killed a merfolk javelineer
  2463 | D        | Killed a merfolk impaler
  2468 | D        | Found a transporter.
  2534 | D        | Entered arena 15.
  2534 | D        | Noticed a quicksilver dragon
  2534 | D        | Noticed a crystal guardian
  2535 | D        | Noticed a quicksilver dragon
  2535 | D        | Noticed a crystal guardian
  2535 | D        | Noticed an iron golem
  2535 | D        | Noticed an iron golem
  2535 | D        | Found the +2 hat of the Bear Spirit {Spirit, *Rage Will++}
  2535 | D        | Noticed a crystal guardian
  2535 | D        | Noticed an iron dragon
  2536 | D        | Noticed an iron dragon
  2536 | D        | Noticed an iron golem
  2536 | D        | Found the +10 tower shield of Ignorance {rN+ Int-4}
  2537 | D        | Killed a quicksilver dragon
  2537 | D        | Killed a crystal guardian
  2538 | D        | Reached XP level 13. HP: 89/95 MP: 16/25
  2538 | D        | Killed a crystal guardian
  2539 | D        | Reached skill level 5 in Dodging
  2542 | D        | Killed a quicksilver dragon
  2551 | D        | Killed a crystal guardian
  2555 | D        | Killed an iron dragon
  2555 | D        | Killed an iron dragon
  2565 | D        | Found a transporter.
  2566 | D        | Killed an iron golem
  2580 | D        | Killed an iron golem
  2587 | D        | Killed an iron golem
  2798 | D        | Got the amulet of Qatwar {RegenMP rN+ Str+4 Int-3}
  2992 | D        | Entered arena 16.
  2993 | D        | Noticed an ancient champion
  2993 | D        | Noticed an ancient champion
  2993 | D        | Noticed an iron dragon
  2993 | D        | Noticed an ancient champion
  2993 | D        | Noticed an iron dragon
  2993 | D        | Noticed a quicksilver elemental
  2993 | D        | Noticed a war gargoyle
  2993 | D        | Noticed a war gargoyle
  2993 | D        | Noticed an ancient champion
  2994 | D        | Noticed an ancient champion
  2994 | D        | Noticed a war gargoyle
  2997 | D        | Killed an ancient champion
  2998 | D        | Killed an iron dragon
  2999 | D        | Killed a quicksilver elemental
  2999 | D        | Killed a war gargoyle
  2999 | D        | Killed an ancient champion
  2999 | D        | Killed an ancient champion
  3000 | D        | Killed an ancient champion
  3003 | D        | Killed from afar by an iron dragon

Illustrated notes

Levels and vault maps discovered:
D:        sprint_v [room_start, room_1, room_2, room_3, room_4, room_5, room_6,
          room_7, room_8, room_9, room_10, room_11, room_12, room_13, room_14,
          room_15, room_16, room_17, room_18, room_19, room_20, room_21,
          room_22, room_23, room_24, room_25, room_26, room_27]

Skill      XL: |  1  2  3  4  5  6  7  8  9 10 11 12 13 |
---------------+----------------------------------------+-----
Fighting       | 7 8 9 10 11 14 15 16 18 | 18.5
Maces & Flails | 6 7 8 9 10 12 14 | 14.2
Armour         | 7 8 9 10 11 14 15 16 18 | 18.5
Shields        | 7 8 9 10 11 14 15 16 18 | 18.5
Invocations    | 6 8 10 11 13 15 16 18 | 18.2
Dodging        | 4 8 |  8.1

Action                   |  1- 3 |  4- 6 |  7- 9 | 10-12 | 13-15 || total
-------------------------+-------+-------+-------+-------+-------++-------
Melee: Shillelagh        |     4 |     3 |    41 |    37 |    23 ||   108
Invok: Upheaval          |       |       |       |    14 |    13 ||    27
       Disaster Area     |       |       |       |     5 |     7 ||    12
  Use: Potion            |       |       |     1 |       |    13 ||    14
       Scroll            |       |       |       |       |     2 ||     2
Armor: Plate armour      |     1 |       |     9 |     8 |       ||    18
       Gold dragon scale |       |       |       |     2 |    12 ||    14
Dodge: Dodged            |       |       |       |     3 |     3 ||     6
Block: Kite shield       |     5 |     2 |    61 |    49 |    76 ||   193
       Reflection        |       |       |       |     5 |     1 ||     6
